 Dungeon Crawl Stone Soup version 0.30-a0-782-ge64f9170bb (webtiles) character file.

Game seed: 9944740678376216872

3342 theswoord the Cleaver (level 9, -3/61 HPs)
             Began as a Demonspawn Gladiator on Feb 22, 2023.
             Was an Initiate of Kikubaaqudgha.
             Slain by Pikel
             ... wielding a +1 whip of electrocution
              (13 damage)
             ... on level 7 of the Dungeon.
             The game lasted 00:08:41 (5052 turns).

theswoord the Cleaver (Demonspawn Gladiator)        Turns: 5052, Time: 00:08:42

Health: -3/61      AC: 20    Str: 18    XL:     9   Next: 72%
Magic:  9/9        EV: 12    Int: 16    God:    Kikubaaqudgha [......]
Gold:   367        SH:  0    Dex: 15    Spells: 8/8 levels left

rFire   + . .      SeeInvis .    a - +1 war axe
rCold   . . .      Faith    .    (no shield)
rNeg    . . .      Spirit   .    j - +2 leather armour {rF+}
rPois   +          Reflect  .    k - +1 hat
rElec   .          Harm     .    (no cloak)
rCorr   .          Rampage  .    (no gloves)
Will    .....                    n - +0 pair of boots
Stlth   +                        h - amulet of regeneration
HPRegen 1.10/turn                f - +4 ring of protection
MPRegen 0.22/turn                t - ring "Ufo Jof" {rPois Int+6}

@: sanguine armoured
A: foul stench 1, magic regeneration, sanguine armour 2, weakness stinger 2
a: Renounce Religion


You were on level 7 of the Dungeon.
You worshipped Kikubaaqudgha.
Kikubaaqudgha was noncommittal.
You visited 2 branches of the dungeon, and saw 8 of its levels.

You collected 367 gold pieces.

Inventory:

Hand Weapons
 a - a +1 war axe (weapon)
 v - a +0 whip
Missiles
 d - 2 throwing nets (quivered)
 e - a javelin
Armour
 b - a +0 leather armour
 c - a +0 helmet
 j - a +2 leather armour of fire resistance (worn)
 k - a +1 hat (worn)
 n - a +0 pair of boots (worn)
Jewellery
 f - a +4 ring of protection (left hand)
 h - an amulet of regeneration (around neck)
 t - the ring "Ufo Jof" (right hand) {rPois Int+6}
   (You found it on level 6 of the Dungeon)

   [ring of intelligence]

   Int:       It affects your intelligence (+6).
   rPois:     It protects you from poison.
 w - an amulet of faith
 B - a ring of poison resistance
Wands
 y - a wand of iceblast (5)
Scrolls
 g - 2 scrolls of poison
 m - 4 scrolls of teleportation
 o - 4 scrolls of fog
 s - 2 scrolls of vulnerability
 u - 2 scrolls of fear
Potions
 i - 3 potions of heal wounds
 l - 4 potions of curing
 p - 3 potions of brilliance
 q - a potion of berserk rage
 r - a potion of ambrosia {unknown}
 x - a potion of flight {unknown}
 z - a potion of attraction {unknown}
 A - a potion of might


   Skills:
 - Level 2.0 Fighting
 + Level 11.2 Axes
 - Level 1.7 Throwing
 - Level 2.6 Dodging
 + Level 7.8 Necromancy


You had 8 spell levels left.
You didn't know any spells.
Your spell library contained the following spells:

 Spells                   Type           Power      Damage    Failure   Level
 Beastly Appendage        Tmut           0%         N/A       30%         1
 Foxfire                  Conj/Fire      0%         2x1d4     30%         1
 Summon Small Mammal      Summ           0%         N/A       30%         1
 Call Canine Familiar     Summ           0%         N/A       65%         3
 Summon Guardian Golem    Hex/Summ       0%         N/A       65%         3
 Blade Hands              Tmut           0%         N/A       100%        5
 Fireball                 Conj/Fire      0%         3d3       100%        5
 Starburst                Conj/Fire      0%         6d3       100%        6
 Spellforged Servitor     Conj/Summ      0%         N/A       100%        7
 Storm Form               Tmut/Air       0%         N/A       100%        7


Dungeon Overview and Level Annotations

Branches:
Dungeon (7/15)             Temple (1/1) D:4

Altars:
Ashenzari
Cheibriados
Dithmenos
Fedhas
Gozag
Hepliaklqana
Kikubaaqudgha
Nemelex Xobeh
Okawaru
Qazlal
Ru
Sif Muna
Trog
Uskayaw
Vehumet
Wu Jian
Xom
Yredelemnul

Shops:
D:3 *??(

Annotations:
D:7 Pikel


Innate Abilities, Weirdness & Mutations

You may rarely emit foul miasma when damaged in melee.
You regenerate magic rapidly.
When seriously injured, your blood forms thick armour. (AC +9)
You have a tail ending in a sharp stinger.


Message History

You slash the lemure! You closely miss the lemure. You hit the lemure.
You tail-slap the lemure, but do no damage.
You barely miss the lemure. The lemure hits you.
The lemure hits you but does no damage.
You slash the lemure!
You kill the lemure!
That felt strangely unrewarding.
You barely miss the lemure. The lemure closely misses you.
You completely miss Pikel. You completely miss the lemure.
Pikel hits you with a +1 whip of electrocution.
The lemure hits you but does no damage.
You closely miss Pikel. You hit the lemure but do no damage.
Pikel closely misses you. The lemure closely misses you.
You hit Pikel but do no damage.
Your tail-slap misses Pikel.
You completely miss the lemure.
Pikel hits you with a +1 whip of electrocution.
The lemure hits you.
You emit a cloud of foul miasma!
You slash Pikel! You completely miss the lemure.
Pikel hits you with a +1 whip of electrocution.
The lemure hits you.
You slash Pikel! You hit the lemure but do no damage. Pikel misses you.
The lemure completely misses you.
You closely miss Pikel. You hit the lemure but do no damage.
Pikel hits you with a +1 whip of electrocution.
Your blood congeals into armour.
You are electrocuted!
The lemure misses you.
You closely miss Pikel. You hit the lemure. Pikel misses you.
The lemure hits you but does no damage.
You slash Pikel! You hit the lemure but do no damage.
Pikel hits you with a +1 whip of electrocution.
You are electrocuted!
* * * LOW HITPOINT WARNING * * *
The lemure hits you.
* * * LOW HITPOINT WARNING * * *
You miss Pikel.
Your tail-slap misses Pikel.
You closely miss the lemure.
Pikel hits you with a +1 whip of electrocution.
* * * LOW HITPOINT WARNING * * *
You are electrocuted!
You die...
Kikubaaqudgha rasps: "You have failed me!
Welcome... death!"

..... ..###. .. ..........
#..##........
..#..#........
............. ...
##..........#.....
.........5#K#.....
..........@.......
..##..............
...#..............
.......$................
..##....................
####...................
.#....................##
.......................####
...........................


You could see Pikel and a lemure.

Vanquished Creatures
  A two-headed ogre (D:6)
  Eustachio (D:4)
  A water moccasin (D:5)
  Duvessa (D:7)
  A sky beast (D:6)
  A black bear (D:6)
  6 ice beasts
  2 ogres
  A centaur (D:6)
  3 lemures (D:7)
  A kobold brigand (D:6)
  3 bullfrogs
  A gnoll sergeant (D:6)
  A necrophage (D:6)
  A scorpion (D:5)
  Dowan (D:7)
  A howler monkey (D:6)
  6 hounds
  3 jellies
  A gnoll bouda (D:5)
  7 iguanas
  2 orc wizards (D:3)
  9 gnolls (D:5)
  7 adders
  A white imp (D:6)
  An ufetubus (D:5)
  3 dart slugs
  16 orcs
  5 endoplasms
  3 giant cockroaches
  7 goblins
  5 hobgoblins
  6 quokkas
  9 ball pythons
  6 bats
  2 frilled lizards (D:1)
  6 kobolds
  7 rats
139 creatures vanquished.

Vanquished Creatures (others)
  A steam dragon (D:7)
  A human (D:5)
  5 plants (D:3)
7 creatures vanquished.

Grand Total: 146 creatures vanquished

Notes
Turn   | Place    | Note
-------+----------+-------------------------------------------
     0 | D:1      | theswoord the Demonspawn Gladiator began the quest for the
                  | Orb.
     0 | D:1      | Reached XP level 1. HP: 16/16 MP: 1/1
   106 | D:1      | Reached skill level 3 in Axes
   202 | D:1      | Gained mutation: You have a small tail. [demonic ancestry]
   202 | D:1      | Reached XP level 2. HP: 22/22 MP: 2/2
   352 | D:1      | Gained mutation: You have a tail ending in a sharp stinger.
                  | [demonic ancestry]
   352 | D:1      | Reached XP level 3. HP: 27/27 MP: 3/3
   936 | D:2      | Reached skill level 4 in Axes
  1265 | D:2      | Found a faded altar of an unknown god.
  1313 | D:2      | Gained mutation: You regenerate magic rapidly. [demonic
                  | ancestry]
  1313 | D:2      | Reached XP level 4. HP: 33/33 MP: 4/4
  1455 | D:3      | Found Faabb's Magic Scroll Shoppe.
  1479 | D:3      | Found Uwugyi's Magic Scroll Shop.
  1539 | D:3      | Found Lag Lirgh's Antique Weapon Boutique.
  1710 | D:3      | Found Qenoret's Assorted Antiques.
  1801 | D:3      | Reached skill level 5 in Axes
  1918 | D:3      | Gained mutation: When seriously injured, your blood forms
                  | armour. (AC +9) [demonic ancestry]
  1918 | D:3      | Reached XP level 5. HP: 29/38 MP: 5/5
  2238 | D:4      | Noticed an ice beast
  2247 | D:4      | Killed an ice beast
  2248 | D:4      | Reached skill level 6 in Axes
  2257 | D:4      | Found a staircase to the Ecumenical Temple.
  2272 | Temple   | Entered the Ecumenical Temple
  2416 | D:4      | Noticed Eustachio
  2424 | D:4      | Gained mutation: When seriously injured, your blood forms
                  | thick armour. (AC +9) [demonic ancestry]
  2424 | D:4      | Reached XP level 6. HP: 44/44 MP: 6/6
  2483 | D:4      | Killed Eustachio
  2484 | D:4      | Reached skill level 7 in Axes
  2600 | D:4      | Identified the +0 robe "Moit Gonk" {+Blink Regen+}
  2843 | D:5      | Entered Level 5 of the Dungeon
  2925 | D:5      | Gained mutation: You may rarely emit foul miasma when
                  | damaged in melee. [demonic ancestry]
  2925 | D:5      | Reached XP level 7. HP: 50/50 MP: 7/7
  2989 | D:5      | Reached skill level 8 in Axes
  3305 | D:5      | Found an ancient bone altar of Kikubaaqudgha.
  3305 | D:5      | Noticed a human
  3308 | D:5      | Killed a human
  3310 | D:5      | Became a worshipper of Kikubaaqudgha
  3447 | D:5      | Reached skill level 9 in Axes
  3447 | D:5      | Reached XP level 8. HP: 56/56 MP: 8/8
  3556 | D:6      | Reached skill level 1 in Necromancy
  3806 | D:6      | Noticed a two-headed ogre
  3825 | D:6      | Killed a two-headed ogre
  3826 | D:6      | Reached skill level 10 in Axes
  3826 | D:6      | Reached skill level 5 in Necromancy
  3875 | D:6      | Got the Essays on Transition and the Missiles
  3907 | D:6      | Found a radiant altar of Vehumet.
  3930 | D:6      | Identified the ring "Ufo Jof" {rPois Int+6}
  3996 | D:6      | Reached XP level 9. HP: 44/61 MP: 9/9
  4778 | D:7      | Found a broken altar of Ashenzari.
  4946 | D:7      | Noticed Duvessa
  4956 | D:7      | Noticed Dowan
  4958 | D:7      | Reached skill level 11 in Axes
  4965 | D:7      | Killed Duvessa
  4979 | D:7      | Killed Dowan
  5029 | D:7      | Noticed Pikel
  5052 | D:7      | Slain by Pikel

Skill      XL: |  1  2  3  4  5  6  7  8  9 |
---------------+----------------------------+-----
Axes           | 3 4 5 6 7 9 10 11 | 11.2
Necromancy     | 5 7 |  7.8
Fighting       | |  2.0
Throwing       | |  1.7
Dodging        | |  2.6

Action                     |  1- 3 |  4- 6 |  7- 9 || total
---------------------------+-------+-------+-------++-------
  Melee: War axe           |    92 |   160 |   264 ||   516
         Tailslap          |     5 |    21 |    49 ||    75
         Punch             |       |       |     6 ||     6
  Throw: Throwing net      |       |       |     4 ||     4
    Use: Scroll            |     6 |     3 |     5 ||    14
         Potion            |       |     1 |     2 ||     3
   Stab: Sleeping          |     1 |     2 |     1 ||     4
         Held in net/web   |       |       |     1 ||     1
         Invisible         |       |       |     4 ||     4
 Armour: Leather armour    |    38 |    74 |    91 ||   203
  Dodge: Dodged            |    70 |   129 |   150 ||   349

Levels and vault maps discovered:
D:1:      elethiomel_arrival_shortcut, layout_basic, minmay_tetromino_i2
D:2:      layout_basic, dilly_ecumenical_altar_fadedgnrine
D:3:      layout_loops_ring, serial_shops, nicolae_shop_overgrown_old_shop,
          nicolae_shop_stone, nicolae_shop_advertising_works
          [nicolae_subvault_shop_adworks], shop
D:4:      layout_basic, minmay_temple_entry_mini_moons, uniq_eustachio
D:5:      layout_basic, tgw_kikubaaqudgha
D:6:      minmay_diamond_boxcup, layout_basic,
          mainiacjoe_overflow_concentric_impassable, feat_on_display
D:7:      layout_cave_pools, ashenzari_altar_1, uniq_duvessa, uniq_pikel
Temple:   dpeg_three_leaves_temple
